 Dungeon Crawl Stone Soup version 0.22.1-2-g9c5b331383 (webtiles) character file.

76 McIrco the Sneak (level 4, -1/30 HPs)
             Began as a Vampire Enchanter on Jan 5, 2019.
             Slain by a gnoll
             ... wielding a +0 club
              (8 damage)
             ... on level 2 of the Dungeon.
             The game lasted 00:04:25 (5251 turns).

McIrco the Sneak (Vampire Enchanter)                Turns: 5251, Time: 00:04:25

Health: -1/30      AC:  2    Str:  7    XL:     4   Next: 12%
Magic:  3/7        EV: 13    Int: 17    God:
Gold:   49         SH:  0    Dex: 15    Spells: 3/7 levels left

rFire    + . .     SeeInvis +   a - +1 dagger
rCold    + . .     Gourm    .   (no shield)
rNeg     + + +     Faith    .   b - +0 robe
rPois    ∞         Spirit   .   (no helmet)
rElec    .         Reflect  .   (no cloak)
rCorr    .         Harm     .   (no gloves)
MR       .....                  (no boots)
Stlth    +++++.....             (no amulet)
HPRegen  0.00/turn              e - ring of fire
MPRegen  0.10/turn              (no ring)

@: very slightly contaminated, bloodless, non-regenerating
A: fangs 3, see invisible, unbreathing
a: Bat Form


You were on level 2 of the Dungeon.
You were bloodless.

You visited 1 branch of the dungeon, and saw 2 of its levels.

You collected 49 gold pieces.

Inventory:

Hand Weapons
 a - a +1 dagger (weapon)
Armour
 b - a +0 robe (worn)
Jewellery
 e - a ring of fire (left hand)
 f - a +1 ring of evasion {unknown}
Scrolls
 g - a scroll of blinking {unknown}
 h - 2 scrolls of identify {unknown}
 i - a scroll of remove curse {unknown}
 j - a scroll of enchant weapon {unknown}
 k - 2 scrolls of noise {unknown}
Potions
 c - 10 potions of blood
 d - a potion of cancellation {unknown}


   Skills:
 + Level 0.1 Fighting
 + Level 1.7 Short Blades
 * Level 3.2 Dodging
 + Level 6.2 Stealth
 + Level 2.0 Spellcasting
 + Level 4.6 Hexes


You had 3 spell levels left.
You knew the following spells:

 Your Spells              Type           Power        Failure   Level  Hunger
a - Corona                Hex            ###....      2%          1    #......
b - Confuse               Hex            ###.....     9%          3    ###....

Your spell library contained the following spells:

 Spells                   Type           Power        Failure   Level  Hunger
 Tukima's Dance           Hex            ###.....     9%          3    ###....
 Ensorcelled Hibernation  Hex/Ice        #.....       11%         2    ###....
 Dazzling Spray           Conj/Hex       #.....       22%         3    ###....


Dungeon Overview and Level Annotations

Branches:
Dungeon (2/15)

Altars:
Okawaru
Trog


Innate Abilities, Weirdness & Mutations

You do not heal naturally.
You are immune to poison.
You have razor-sharp teeth.
You have supernaturally acute eyesight. (SInv)
You can survive without breathing.


Message History

You closely miss the bat. The bat hits you.
* * * LOW HITPOINT WARNING * * *
You hit the bat.
The bat is moderately wounded.
The bat completely misses you. The bat hits you.
* * * LOW HITPOINT WARNING * * *
You hit the bat.
You kill the bat!
You hit the kobold but do no damage. The kobold barely misses you.
You miss the kobold. You bite the kobold, but do no damage.
The kobold barely misses you.
You miss the kobold. The kobold hits you but does no damage.
You hit the kobold.
You kill the kobold!
You hit the gnoll.
The gnoll is moderately wounded.
You hit the gnoll.
The gnoll is moderately wounded.
The gnoll hits you with a club!
You die...

##..#.#.#########
....#.#.........#
#......########.#
. ..........# #.#
.. #.##...##.#
#.# ..#
#.###.###.# #.#
8_.# #.###.# #.#
#<# ..... ......#
#.# #.#####r....#
#.#######<#
#.@gggKg....#
#.#.....>.#
#########.#.#
#.#.####### #.#.#
#.#.# ..#.# ###.#
#.$. # #.# #.?. #
#.# #..#


You could see 4 gnolls, a kobold and a rat.

Vanquished Creatures
  A bullfrog skeleton (D:2)
  An adder (D:2)
  7 bats
  4 giant cockroaches
  5 hobgoblins (D:1)
  2 jackals (D:1)
  6 kobolds
  2 frilled lizards (D:1)
  5 goblins
  8 rats
41 creatures vanquished.

Notes
Turn   | Place    | Note
-------+----------+-------------------------------------------
     0 | D:1      | McIrco the Vampire Enchanter began the quest for the Orb.
     0 | D:1      | Reached XP level 1. HP: 13/13 MP: 3/3
  2990 | D:1      | Reached XP level 2. HP: 16/19 MP: 5/5
  3026 | D:1      | Reached skill level 5 in Stealth
  3396 | D:1      | Reached XP level 3. HP: 14/24 MP: 6/6
  3905 | D:1      | Learned a level 3 spell: Confuse
  4336 | D:2      | Reached skill level 6 in Stealth
  4549 | D:2      | Found an iron altar of Okawaru.
  5228 | D:2      | Found a bloodstained altar of Trog.
  5238 | D:2      | Reached XP level 4. HP: 10/30 MP: 5/7
  5251 | D:2      | Slain by a gnoll

Skill      XL: |  1  2  3 |
---------------+----------+-----
Stealth        | 5 6 |  6.2
Dodging        | 3 |  3.2
Fighting       | |  0.1
Short Blades   | |  1.7
Spellcasting   | |  2.0
Hexes          | |  4.6

Action                   |  1- 3 |  4- 6 || total
-------------------------+-------+-------++-------
Melee: Dagger            |   135 |     9 ||   144
       Bite              |     9 |     1 ||    10
 Cast: Corona            |     1 |       ||     1
 Abil: End Transformatio |     1 |       ||     1
       Bat Form          |     1 |       ||     1
  Use: Potion            |     3 |       ||     3
 Stab: Sleeping          |    19 |       ||    19
Armor: Robe              |    27 |     1 ||    28
Dodge: Dodged            |    86 |     7 ||    93
